 Dungeon Crawl Stone Soup version 0.19.1 (webtiles) character file.

1054 ChaseSP the Cruncher (level 8, -6/44 HPs)
             Began as a Gargoyle Gladiator on Dec 2, 2016.
             Was a Believer of Okawaru.
             Mangled by an ogre
             ... wielding a +0 giant club
              (15 damage)
             ... on level 6 of the Dungeon.
             The game lasted 00:05:51 (3790 turns).

ChaseSP the Cruncher (Gargoyle Gladiator)           Turns: 3790, Time: 00:05:52

Health: -6/44      AC: 14    Str: 20    XL:     8   Next: 26%
Magic:  8/8        EV: 14    Int:  9    God:    Okawaru [**....]
Gold:   172        SH:  0    Dex: 11    Spells: 0 memorised, 7 levels left

rFire  . . .     SeeInvis .     a - +0 quarterstaff
rCold  + + .     Gourm    .     y - +2 scale mail {rPois}
rNeg   + . .     Faith    .     (shield currently unavailable)
rPois  ∞         Spirit   .     c - +0 helmet
rElec  +         Reflect  .     (no cloak)
rCorr  .         Harm     .     (no gloves)
MR     .....                    (no boots)
Stlth  ..........               F - amulet of the Insatiable Moons {RegenMP rC+}
                                j - ring of protection from cold
                                x - +3 ring of evasion

@: no status effects
A: negative energy resistance 1, electricity resistance, unbreathing,
petrification resistance, rot immunity, AC +5
a: Heroism, Renounce Religion


You were on level 6 of the Dungeon.
You worshipped Okawaru.
Okawaru was pleased with you.
You were not hungry.

You visited 1 branch of the dungeon, and saw 6 of its levels.

You collected 172 gold pieces.

Inventory:

Hand Weapons
 a - a +0 quarterstaff (weapon)
Missiles
 d - 2 throwing nets (quivered)
Armour
 c - a +0 helmet (worn)
 y - a +2 scale mail of poison resistance (worn)
Jewellery
 j - a ring of protection from cold (right hand)
 x - a +3 ring of evasion (left hand)
 E - an uncursed ring of fire
 F - the amulet of the Insatiable Moons (around neck) {RegenMP rC+}
   (You found it on level 5 of the Dungeon)

   [amulet of magic regeneration]

   It increases your magic regeneration.
   It protects you from cold.
Wands
 s - a wand of slowing (28/48)
 u - a wand of slowing (30/48)
Scrolls
 b - 3 scrolls of teleportation
 h - 2 scrolls of identify
 m - a scroll of fog
 p - 2 scrolls of blinking {unknown}
 r - a scroll of fear {unknown}
 w - a scroll of remove curse
 A - a scroll of noise {unknown}
 B - a scroll of recharging {unknown}
 D - a scroll of enchant weapon {unknown}
 G - a scroll of amnesia {unknown}
Potions
 e - a potion of brilliance
 l - 2 potions of curing
 o - a potion of agility {unknown}
 q - 2 potions of cancellation {unknown}
 t - a potion of degeneration {unknown}
 v - a potion of magic {unknown}
 z - 2 potions of flight {unknown}
 C - 2 potions of mutation {unknown}
Comestibles
 f - 2 bread rations
 g - 2 beef jerkies
 i - 2 meat rations
 k - 2 royal jellies
 n - 4 chunks of flesh


   Skills:
 - Level 2.1 Fighting
 * Level 8.7 Staves
 - Level 1.7 Throwing
 - Level 4.5 Dodging


You had 7 spell levels left.
You didn't know any spells.

Dungeon Overview and Level Annotations

Branches:
Dungeon (6/15)             Temple (0/1) D:4

Altars:
Okawaru
Qazlal
Trog
The Shining One

Annotations:
D:5 Eustachio


Innate Abilities, Weirdness & Mutations

You are resistant to torment.
Your stone body is resilient. (AC +5)
You are immune to poison.
You resist negative energy. (rN+)
You are resistant to electric shocks. (rElec)
You can survive without breathing.
You are immune to petrification.
You are immune to rotting.


Message History

The orc wizard misses you.
You hit the ogre.
The ogre is heavily wounded.
The ogre hits you with a giant club!
* * * LOW HITPOINT WARNING * * *
The orc wizard misses you.
You hit the ogre.
The ogre is severely wounded.
The ogre hits you with a giant club!
* * * LOW HITPOINT WARNING * * *
The orc wizard hits you but does no damage.
Unknown command.
It was a potion of curing.
You feel better. The orc wizard misses you.
You hit the ogre but do no damage.
The ogre is severely wounded.
The ogre completely misses you.
You hit the ogre.
The ogre is severely wounded.
The orc wizard barely misses you. The ogre hits you with a giant club!
You die...

#...... ....#
#.#...###.....
...........#
#####.#.#.....#
.......(..#
......#...#
......#...#.#
..###.#..O#.#
........>@#.#.#
#.#####.o##.#.#
#.........#.#.#
######...#.#.#
#.......#.#.#
....####....#.#
.. ####...#.###
............#
.####.....###


You could see an ogre and an orc wizard.

Vanquished Creatures
  Grinder (D:5)
  A sky beast (D:5)
  A centaur (D:6)
  Blork the orc (D:4)
  A howler monkey (D:6)
  2 hounds (D:3)
  An orc priest (D:5)
  An iguana (D:4)
  Natasha (thrice) (D:4)
  An orc wizard (D:5)
  5 worker ants (D:4)
  A hound skeleton (D:4)
  7 gnolls
  A howler monkey skeleton (D:4)
  4 adders
  4 oozes
  An adder skeleton (D:4)
  2 worms
  2 dart slugs
  2 leopard geckos
  5 orcs
  4 giant cockroaches
  7 goblins
  6 hobgoblins
  2 jackals (D:1)
  7 kobolds
  2 quokkas
  8 bats
  5 frilled lizards
  8 rats
96 creatures vanquished.

Vanquished Creatures (others)
  An adder (D:5)
1 creature vanquished.

Grand Total: 97 creatures vanquished

Notes
Turn   | Place    | Note
-------+----------+-------------------------------------------
     0 | D:1      | ChaseSP the Gargoyle Gladiator began the quest for the Orb.
     0 | D:1      | Reached XP level 1. HP: 12/12 MP: 1/1
   213 | D:1      | Reached XP level 2. HP: 17/17 MP: 2/2
   368 | D:1      | Reached skill level 4 in Staves
   389 | D:1      | Reached XP level 3. HP: 20/21 MP: 3/3
  1008 | D:2      | Reached XP level 4. HP: 17/26 MP: 4/4
  1368 | D:2      | Found an iron altar of Okawaru.
  1372 | D:2      | Became a worshipper of Warmaster Okawaru
  1459 | D:2      | Reached skill level 5 in Staves
  1947 | D:3      | Reached XP level 5. HP: 17/30 MP: 5/5
  2374 | D:3      | Noticed a water elemental
  2375 | D:3      | Found a stormy altar of Qazlal.
  2376 | D:3      | Noticed a fire elemental
  2386 | D:3      | Noticed an air elemental
  2490 | D:3      | Found a bloodstained altar of Trog.
  2503 | D:3      | Reached skill level 6 in Staves
  2745 | D:4      | Noticed Blork the orc
  2752 | D:4      | Killed Blork the orc
  2752 | D:4      | Reached XP level 6. HP: 29/35 MP: 6/6
  2782 | D:4      | Noticed Natasha
  2787 | D:4      | Killed Natasha
  2901 | D:4      | Noticed Natasha
  2910 | D:4      | Killed Natasha
  2981 | D:4      | Reached * piety under Okawaru
  2997 | D:4      | Reached XP level 7. HP: 40/40 MP: 7/7
  3044 | D:4      | Noticed Natasha
  3045 | D:4      | Reached skill level 7 in Staves
  3052 | D:4      | Killed Natasha
  3199 | D:4      | Found a staircase to the Ecumenical Temple.
  3290 | D:4      | Found a glowing golden altar of the Shining One.
  3457 | D:5      | Entered Level 5 of the Dungeon
  3508 | D:5      | Noticed Grinder
  3699 | D:5      | Killed Grinder
  3699 | D:5      | Reached ** piety under Okawaru
  3699 | D:5      | Reached skill level 8 in Staves
  3699 | D:5      | Reached XP level 8. HP: 44/44 MP: 8/8
  3728 | D:5      | Got a pitted brass amulet
  3729 | D:5      | Identified the amulet of the Insatiable Moons {RegenMP rC+} (You found it on level 5 of the Dungeon)
  3732 | D:5      | You fall through a shaft!
  3775 | D:5      | Noticed Eustachio
  3790 | D:6      | Mangled by an ogre

Skill      XL: |  1  2  3  4  5  6  7 |
---------------+----------------------+-----
Staves         | 4 5 6 8 |  8.7
Dodging        | 3 4 |  4.5
Fighting       | |  2.1
Throwing       | |  1.7

Action                   |  1- 3 |  4- 6 |  7- 9 || total
-------------------------+-------+-------+-------++-------
Melee: Quarterstaff      |   113 |   163 |   137 ||   413
Throw: Throwing net      |       |       |     2 ||     2
  Use: Scroll            |       |     4 |       ||     4
       Potion            |       |       |     1 ||     1
 Stab: Held in net/web   |       |       |     1 ||     1
  Eat: Chunk             |       |     7 |     3 ||    10
Armor: Leather armour    |    22 |       |       ||    22
       Ring mail         |    43 |    64 |    12 ||   119
       Scale mail        |       |       |    43 ||    43
Dodge: Dodged            |    91 |    93 |   133 ||   317
